 Dungeon Crawl Stone Soup version 0.31.0-32-g396128a36d (webtiles) character file.

Game seed: 10074339119428157384

22 TacoSundae the Ruffian (level 2, -3/14 HPs)
             Began as a Vine Stalker Shapeshifter on Apr 5, 2024.
             Slain by Terence
             ... wielding a +0 short sword
              (5 damage)
             ... on level 2 of the Dungeon.
             The game lasted 00:01:18 (863 turns).

TacoSundae the Ruffian (Vine Stalker Shapeshifter)   Turns: 863, Time: 00:01:18

Health: -3/14      AC:  3    Str: 16    XL:     2   Next: 91%
Magic:  0/3        EV: 11    Int: 10    God:
Gold:   59         SH:  0    Dex: 13    Spells: 1/1 levels left

rFire   . .          .
                       - Unarmed
rCold   . . .        (no shield)
rNeg    . . .        f - +0 leather armour
rPois   .            (helmet currently unavailable)
rElec   .            (cloak currently unavailable)
rCorr   .            (gloves currently unavailable)
SInv    .            (boots currently unavailable)
Will    .....        (no amulet)
Stlth   +            (no ring)
HPRegen 1.02/turn    (no ring)
MPRegen 0.08/turn

%: guardian spirit
@: beast-form
A: beast (slay +1), fangs 2, regeneration 1, magic shield, antimagic bite, no
potion heal 2
a: Begin Untransformation


You were on level 2 of the Dungeon.
You were a hulking beast.
You visited 1 branch of the dungeon, and saw 2 of its levels.

You collected 59 gold pieces.

Inventory:

Armour
 e - a +0 hat
 f - a +0 leather armour (worn)
Talismans
 c - a beast talisman
 d - a flux talisman
Scrolls
 a - a scroll of teleportation {unknown}
 h - a scroll of noise {unknown}
Potions
 b - a potion of lignification
 g - a potion of heal wounds {unknown}


   Skills:
 + Level 1.2 Fighting
 + Level 1.8 Dodging
 * Level 3.4 Unarmed Combat
 + Level 3.2 Shapeshifting


You had one spell level left.
You didn't know any spells.
Your spell library contained the following spells:

 Spells                   Type           Power      Damage    Failure   Level
 Sting                    Conj/Alch      0%         1d3       43%         1
 Mercury Vapours          Alch/Air       0%         N/A       56%         2
 Olgreb's Toxic Radiance  Alch           0%         N/A       99%         4


Dungeon Overview and Level Annotations

Branches:
Dungeon (2/15)

Altars:

Annotations:
D:2 Terence


Innate Abilities, Weirdness & Mutations

You are a hulking beast.
Your limbs bulge with bestial killing power. (Slay +1)
You have extremely sharp teeth.
Your natural rate of healing is unusually fast.
When hurt, damage is shared between your health and your magic reserves.
Your bite disrupts and absorbs the magic of your enemies.
Potions cannot restore your health.


Message History

Terence is heavily wounded.
Terence hits you with a +0 short sword.
You hit Terence but do no damage.
Terence is heavily wounded.
Terence barely misses you.
You barely miss Terence.
Terence is heavily wounded.
Terence hits you with a +0 short sword!
* * * LOW HITPOINT WARNING * * *
You closely miss Terence.
Terence is heavily wounded.
Terence completely misses you.
You hit Terence but do no damage. You bite Terence. You drain his power.
You feel invigorated.
Terence is severely wounded.
You hit Terence.
Terence is severely wounded.
Terence completely misses you.
You hit Terence but do no damage. You bite Terence, but do no damage.
Terence is severely wounded.
Terence hits you with a +0 short sword.
* * * LOW HITPOINT WARNING * * *
Okay, then.
Unknown command.
Unknown command.
You barely miss Terence. You bite Terence, but do no damage.
Terence is severely wounded.
Terence closely misses you.
You barely miss Terence.
Terence is severely wounded.
Terence barely misses you.
You hit Terence.
Terence is severely wounded.
Terence hits you with a +0 short sword.
* * * LOW HITPOINT WARNING * * *
You hit Terence.
Terence is almost dead.
Terence hits you with a +0 short sword.
You die...
Terence says, "Rest in peace."

### .# #.. .. # #.#
.# #.##.##.#
#....@..#
##.##h##.#
#........#
###..##....# .
?....##....#
..####..#.....#
..............###.
...[...............
.............####..
..............#


You could see Terence.

Vanquished Creatures
  An adder (D:2)
  2 bats
  2 giant cockroaches (D:1)
  A goblin (D:1)
  A quokka (D:2)
  3 ball pythons
  3 rats
13 creatures vanquished.

Notes
Turn   | Place    | Note
-------+----------+-------------------------------------------
     0 | D:1      | TacoSundae the Vine Stalker Shapeshifter began the quest
                  | for the Orb.
     0 | D:1      | Reached XP level 1. HP: 9/9 MP: 2/2
    72 | D:1      | Reached skill level 1 in Fighting
   199 | D:1      | Reached XP level 2. HP: 14/14 MP: 1/3
   839 | D:2      | Noticed Terence
   863 | D:2      | Slain by Terence

Illustrated notes

Levels and vault maps discovered:
D:1:      dpeg_arrival_renting, layout_basic
D:2:      layout_loops_cross, shapermc_ecumenical_altar_mp_ritualfount,
          uniq_terence

Skill      XL: |  1 |
---------------+----+-----
Fighting       | 1 |  1.2
Dodging        | |  1.8
Unarmed Combat | |  3.4
Shapeshifting  | |  3.2

Action                     || total
---------------------------++-------
  Melee: Unarmed           ||    56
         Bite              ||    16
         Punch             ||     1
 Armour: Animal skin       ||     6
         Leather armour    ||    23
  Dodge: Dodged            ||    35
